 Dungeon Crawl Stone Soup version 0.31-a0-145-g046c7d2549 (webtiles) character file.

Game seed: 8250966883905948024

58 lessens the Cudgeller (level 4, -1/35 HPs)
             Began as a Formicid Fighter on June 5, 2023.
             Slain by a gnoll
             ... wielding a +0 club
              (7 damage)
             ... on level 2 of the Dungeon.
             The game lasted 00:01:22 (939 turns).

lessens the Cudgeller (Formicid Fighter)             Turns: 939, Time: 00:01:22

Health: -1/35      AC:  6    Str: 22    XL:     4   Next: 21%
Magic:  4/4        EV:  9    Int:  8    God:
Gold:   30         SH:  5    Dex: 13    Spells: 3/3 levels left

rFire   . . .        a - +0 flail
rCold   . . .        c - +0 buckler
rNeg    . . .        b - +0 scale mail
rPois   .            (helmet unavailable)
rElec   .            (no cloak)
rCorr   .            (no gloves)
SInv    +            (no boots)
Will    .....        (no amulet) Stlth
                     (no ring)
HPRegen 0.25/turn    (no ring)
MPRegen 0.09/turn

%: no passive effects
@: no status effects
A: permanent stasis, dig shafts and tunnels, antennae 3, four strong arms
a: Dig, Shaft Self


You were on level 2 of the Dungeon.
You visited 1 branch of the dungeon, and saw 2 of its levels.

You collected 30 gold pieces.

Inventory:

Hand Weapons
 a - a +0 flail (weapon)
Missiles
 e - 11 stones
 k - 5 poisoned darts
Armour
 b - a +0 scale mail (worn)
 c - a +0 buckler (worn)
Scrolls
 f - a scroll of teleportation {unknown}
 g - 2 scrolls of vulnerability {unknown}
 h - a scroll of identify {unknown}
 i - a scroll of magic mapping {unknown}
Potions
 d - 2 potions of might
 j - a potion of lignification {unknown}


   Skills:
 - Level 3.2 Fighting
 + Level 4.2 Maces & Flails
 - Level 3.2 Armour
 - Level 4.0 Shields


You had 3 spell levels left.
You didn't know any spells.
Your spell library was empty.

Dungeon Overview and Level Annotations

Branches:
Dungeon (2/15) Zot: 11037

Altars:


Innate Abilities, Weirdness & Mutations

You cannot be hasted, slowed, berserked, paralysed or teleported.
You can dig through walls and to a lower floor.
You have a pair of large antennae on your head. (SInv)
Your four strong arms can wield two-handed weapons with a shield.


Message History

The endoplasm quivers.
The gnoll shouts!
The goblin hits you but does no damage.
You sock the goblin!
You kill the goblin!
A gnoll comes into view. It is wielding a +0 spear.
You see here a +0 club.
The gnoll barely misses you.
You sock the endoplasm!
You kill the endoplasm!
The gnoll hits you but does no damage. You block the gnoll's attack.
Your Maces & Flails skill increases to level 4!
You have reached level 4!
You feel clever.
A gnoll comes into view. It is wielding a +0 club.
You block the gnoll's attack. The gnoll hits you with a +0 spear.
You closely miss the gnoll. The gnoll barely misses you.
The gnoll closely misses you.
You barely miss the gnoll. You block the gnoll's attack.
The gnoll barely misses you.
You thump the gnoll!
The gnoll is severely wounded.
You block the gnoll's attack. The gnoll hits you with a +0 spear.
You thump the gnoll!
You kill the gnoll!
The gnoll hits you with a +0 spear. The gnoll hits you with a +0 club.
The gnoll hits you with a +0 spear.
You barely miss the gnoll. The gnoll barely misses you. x2
You barely miss the gnoll. The gnoll hits you with a +0 club.
You block the gnoll's attack.
You closely miss the gnoll. The gnoll hits you with a +0 club!
You block the gnoll's attack.
You are too injured to fight recklessly!
The gnoll hits you from afar with a +0 spear!
* * * LOW HITPOINT WARNING * * *
You see here a +0 club.
The gnoll attacks as you move away! You block the gnoll's attack.
The gnoll attacks as you move away! You block the gnoll's attack.
The gnoll attacks as you move away! The gnoll hits you with a +0 club!
You die...

#......### #######..#[...
......#..#.... {
.......[{.....
....#.#.....##
......##.#.### ####
..<.....#...)
#...#################### #
#.....g@............)...
#.#...g###################
#......# ## ##....)# #.
##....# #. ####.# #. #).#
#. #..# .. #..# ##


You could see 2 gnolls.

Vanquished Creatures
  A gnoll (D:2)
  An adder (D:2)
  A dart slug (D:1)
  3 endoplasms
  8 goblins
  5 hobgoblins
  3 jackals (D:1)
  2 kobolds (D:1)
  2 ball pythons (D:1)
  4 bats
  A frilled lizard (D:1)
  A rat (D:1)
32 creatures vanquished.

Notes
Turn   | Place    | Note
-------+----------+-------------------------------------------
     0 | D:1      | lessens the Formicid Fighter began the quest for the Orb.
     0 | D:1      | Reached XP level 1. HP: 18/18 MP: 1/1
    63 | D:1      | Reached XP level 2. HP: 3/24 MP: 2/2
   387 | D:1      | Reached XP level 3. HP: 29/29 MP: 3/3
   851 | D:2      | Identified the +3 leather armour of Lifelessness {rN++
                  | Regen+ Str-2 SInv}
   924 | D:2      | Reached XP level 4. HP: 35/35 MP: 4/4
   939 | D:2      | Slain by a gnoll

Illustrated notes

Levels and vault maps discovered:
D:1:      lemuel_arrival_cross, layout_loops_cross, minmay_tromino_v7
D:2:      layout_basic

Skill      XL: |  1  2  3 |
---------------+----------+-----
Maces & Flails | 3 4 |  4.2
Fighting       | |  3.2
Armour         | |  3.2
Shields        | |  4.0

Action                     |  1- 3 |  4- 6 || total
---------------------------+-------+-------++-------
  Melee: Flail             |    85 |     7 ||    92
 Armour: Scale mail        |    39 |       ||    39
  Dodge: Dodged            |    35 |     5 ||    40
  Block: Buckler           |    23 |     7 ||    30

Table legend: (Time is in decaauts)
 A = Elapsed time spent in this place.
 B = Non-inter-level travel time spent in this place.
 C = Inter-level travel time spent in this place.
 D = Time resting spent in this place.
 E = Time spent auto-exploring this place.
 F = Levels seen in this place.
 G = Mean time per level.
                   A        B        C        D        E       F      G
               +--------+--------+--------+--------+--------+-----+--------+
         Total |    962 |    956 |      6 |     85 |    658 |   2 |  481.0 |
       Dungeon |    962 |    956 |      6 |     85 |    658 |   2 |  481.0 |
               +--------+--------+--------+--------+--------+-----+--------+

Top non-repeatable levels by time:
     D:1: 854 daAuts
     D:2: 108 daAuts

Levels and vault maps discovered:
D:1:      lemuel_arrival_cross, layout_loops_cross, minmay_tromino_v7
D:2:      layout_basic
